 Dungeon Crawl Stone Soup version 0.31.0-11-ge490571c62 (webtiles) character file.

Game seed: 5827638376169639410

122 qw the Shooter (level 4, 0/23 HPs)
             Began as a Spriggan Hunter on Feb 4, 2024.
             Slain by a goblin
             ... wielding a +0 dagger
             ... led by Robin
              (6 damage)
             ... on level 3 of the Dungeon.
             The game lasted 00:00:06 (1220 turns).

qw the Shooter (Spriggan Hunter)                    Turns: 1220, Time: 00:00:07

Health: 0/23       AC:  2    Str:  7    XL:     4   Next: 78%
Magic:  5/5        EV: 20    Int: 10    God:
Gold:   170        SH:  0    Dex: 20    Spells: 3/3 levels left

rFire   . . .        a - +0 shortbow
rCold   . . .        (shield currently unavailable)
rNeg    . . .        c - +0 robe
rPois   .            (helmet restricted)
rElec   .            (no cloak)
rCorr   .            (gloves unavailable)
SInv    +            (boots unavailable)
Will    .....        b - amulet of faith
Stlth   ++           (no ring)
HPRegen 0.23/turn    (no ring)
MPRegen 0.09/turn

%: faith
@: very quick
A: very small, no large weapons, unfitting armour, see invisible, speed 3
a: no special abilities


You were on level 3 of the Dungeon.
You visited 1 branch of the dungeon, and saw 3 of its levels.

You collected 170 gold pieces.


Innate Abilities, Weirdness & Mutations

You are very small and have problems with some larger weapons.
You are too small for most types of armour.
You have supernaturally acute eyesight. (SInv)
You cover ground extremely quickly. (Speed+++)


   Skills:
 + Level 1.9 Fighting
 - Level 5.0 Ranged Weapons
 - Level 5.0 Dodging
 - Level 1.5 Stealth


You had 3 spell levels left.
You didn't know any spells.
Your spell library was empty.

Inventory:

Hand Weapons
 a - a +0 shortbow (weapon)
Armour
 c - a +0 robe (worn)
Jewellery
 b - an amulet of faith (around neck)
Potions
 d - a potion of brilliance {unknown}
 e - a potion of haste {unknown}
 f - a potion of enlightenment
 g - a potion of degeneration {unknown}
 j - a potion of cancellation {unknown}

Dungeon Overview and Level Annotations

Branches:
Dungeon (3/15)

Altars:
Qazlal
Vehumet

Annotations:
D:3 Robin


Message History

Robin throws the goblin at you!
A goblin comes into view. It is wielding a +0 club. x2
You shoot an arrow. The arrow barely misses the goblin.
The goblin shouts!
You shoot an arrow. The arrow hits the goblin.
You kill the goblin!
A goblin comes into view. It is wielding a +0 club.
You shoot an arrow. The arrow hits the hobgoblin.
The hobgoblin is heavily wounded.
A goblin comes into view. It is wielding a +0 club.
You shoot an arrow. The arrow hits the hobgoblin.
The hobgoblin is almost dead.
The hobgoblin hits you. The goblin hits you with a +0 club.
A hobgoblin comes into view.
You shoot an arrow. The arrow hits the hobgoblin!
You kill the hobgoblin!
Robin says, "My goblins will feast on your bones."
Robin throws the goblin at you! The goblin barely misses you.
You shoot an arrow. The arrow hits the goblin.
The goblin is moderately wounded.
The goblin closely misses you. The goblin hits you with a +0 club.
You shoot an arrow. The arrow hits the goblin.
You kill the goblin!
The goblin completely misses you. The goblin hits you with a +0 dagger.
The goblin closely misses you.
You shoot an arrow. The arrow hits the goblin!
You kill the goblin!
The goblin closely misses you.
Robin roars a battlecry!
You shoot an arrow. The arrow closely misses the goblin.
The goblin hits you but does no damage.
A goblin comes into view. It is wielding a +0 club.
The goblin hits you with a +0 dagger.
You shoot an arrow. The arrow barely misses the goblin.
The goblin no longer looks unusually strong.
The goblin misses you. The goblin closely misses you.
You shoot an arrow. The arrow hits the goblin!
You kill the goblin!
The goblin hits you with a +0 dagger.
You die...

..# #.# .#.
#.# g.. #.#
.) #.# g)
#.# g#
####.## g#
#.....####)#
####.....@g#
#.#######
#.# #.#
####.#
#....#
####.##.##
¤¤.^.^.^.##
~^#^.~^.~.#


You could see Robin and 4 goblins.

Vanquished Creatures
  3 adders (D:2)
  4 gnolls (D:2)
  2 dart slugs (D:1)
  3 ribbon worms (D:2)
  3 bats
  3 endoplasms
  2 giant cockroaches (D:2)
  13 goblins
  3 hobgoblins
  4 kobolds
  A quokka (D:1)
  3 ball pythons
  4 rats
48 creatures vanquished.

Notes
Turn   | Place    | Note
-------+----------+-------------------------------------------
     0 | D:1      | qw the Spriggan Hunter began the quest for the Orb.
     0 | D:1      | Reached XP level 1. HP: 10/10 MP: 2/2
     0 | D:1      | 0 ||| qw: Version: 0.3-a-160-g6735b56
     0 | D:1      | 0 ||| qw: Game counter: 5472
     0 | D:1      | 0 ||| qw: Melee chars always use a shield: true
     0 | D:1      | 0 ||| qw: God list: Okawaru
     0 | D:1      | 0 ||| qw: Allow faded altars: false
     0 | D:1      | 0 ||| qw: Do Orc after clearing Dungeon:15 true
     0 | D:1      | 0 ||| qw: Do second Lair branch before Depths: true
     0 | D:1      | 0 ||| qw: Lair rune preference: random
     0 | D:1      | 0 ||| qw: Goals: Normal
     0 | D:1      | 0 ||| PLANNING D:1-11
    29 | D:1      | Reached skill level 3 in Dodging
    73 | D:1      | Reached XP level 2. HP: 14/14 MP: 3/3
   357 | D:1      | 357 ||| READING scroll labelled BUTAMPE AMIBB.
   357 | D:1      | 357 ||| ENCHANTING +0 shortbow.
   358 | D:1      | 358 ||| READING scroll labelled QUGRIT OJ TIH.
   359 | D:1      | 359 ||| READING scroll labelled YGULA KOEZAEK.
   360 | D:1      | 360 ||| READING scroll labelled DIPTYU WONO.
   360 | D:1      | 360 ||| IDENTIFYING fuming black potion
   361 | D:1      | 361 ||| READING scroll labelled DASI OT HOCEMM.
   362 | D:1      | 362 ||| READING scroll labelled ULLOMAZ BUTIY.
   365 | D:1      | 365 ||| DROPPING scroll of butterflies.
   394 | D:2      | Reached XP level 3. HP: 18/18 MP: 4/4
   809 | D:2      | Reached XP level 4. HP: 22/22 MP: 5/5
   868 | D:2      | Found a radiant altar of Vehumet.
  1133 | D:2      | 1133 ||| UPGRADING to amulet of faith.
  1186 | D:3      | Found a stormy altar of Qazlal.
  1208 | D:3      | Noticed Robin
  1218 | D:3      | HP: 5/23 [goblin/+0 dagger[Robin] (3)]
  1220 | D:3      | Slain by a goblin

Levels and vault maps discovered:
D:1:      amcnicky_arrival_gap_in_the_tavern_cellar, layout_basic
D:2:      layout_basic, basic_altar, serial_corexii_hall,
          corexii_hall_statues_l, chequers_hall_statues_wall_a,
          corexii_hall_statues_l, corexii_hall_statues_i, minmay_misc_feat_iff,
          minmay_between
D:3:      layout_loops_ring, grunt_qazlal_sundering, uniq_natasha, uniq_robin,
          uniq_crazy_yiuf_cottage

Skill      XL: |  1  2  3  4 |
---------------+-------------+-----
Dodging        | 3 4 5 |  5.0
Ranged Weapons | 5 |  5.0
Fighting       | |  1.9
Stealth        | |  1.5

Action                     |  1- 3 |  4- 6 || total
---------------------------+-------+-------++-------
   Fire: Shortbow          |    98 |    44 ||   142
    Use: Scroll            |     6 |       ||     6
 Armour: Robe              |     7 |    10 ||    17
  Dodge: Dodged            |    12 |    19 ||    31

Table legend:
 A = Non-vault XP
 B = Vault XP
 C = Vault XP percentage of total XP
 D = Non-vault monster count
 E = Vault monster count
 F = Vault count percentage of total count
                 A         B        C        D         E       F
            +---------+---------+-------+---------+---------+-------
      Total |     161 |      16 |   9.0 |      39 |       9 |  18.8
            +---------+---------+-------+---------+---------+-------
        D:1 |      29 |       0 |   0.0 |      15 |       0 |   0.0
        D:2 |     132 |       6 |   4.3 |      24 |       3 |  11.1
        D:3 |       0 |      10 | 100.0 |       0 |       6 | 100.0
            +---------+---------+-------+---------+---------+-------
